 Dungeon Crawl Stone Soup version 0.26.0-7-g794d0892b4 (webtiles) character file.

Game seed: 671141810208674394

11340 lessens the Fencer (level 11, -5/60 HPs)
             Began as a Tengu Abyssal Knight on Jan 11, 2021.
             Was a High Priest of Lugonu.
             Killed from afar by a gargoyle (15 damage)
             ... with a stone arrow
             ... on level 12 of the Dungeon.
             The game lasted 00:28:32 (17049 turns).

lessens the Fencer (Tengu Abyssal Knight)          Turns: 17049, Time: 00:28:32

Health: -5/60      AC:  9    Str: 17    XL:     11   Next: 76%
Magic:  16/16      EV: 17    Int: 12    God:    Lugonu [*****.]
Gold:   447        SH:  8    Dex: 13    Spells: 10/10 levels left

rFire    . . .     SeeInvis .   a - +1 falchion
rCold    + . .     Faith    .   h - +0 buckler
rNeg     . . .     Spirit   .   p - +1 ring mail of Ronoreown {Rampage}
rPois    .         Reflect  +   (helmet restricted)
rElec    .         Harm     .   L - +2 cloak
rCorr    +         Rampage  +   (no gloves)
Will     .....                  (boots unavailable)
Stlth    +.........             q - amulet of reflection
HPRegen  0.20/turn              n - ring of resist corrosion
MPRegen  0.15/turn              C - ring of protection from cold

@: flying quickly and evasively, quick
A: beak, talons 3, able to fly
a: Stop Flying, Renounce Religion, Depart the Abyss, Bend Space, Banish,
Corrupt, Enter the Abyss


You were on level 12 of the Dungeon.
You worshipped Lugonu.
Lugonu was extremely pleased with you.
You visited 1 branch of the dungeon, and saw 12 of its levels.
You visited the Abyss 1 time.

You collected 661 gold pieces.
You spent 214 gold pieces at shops.

Inventory:

Hand Weapons
 a - a +1 falchion (weapon)
 b - a +1 dagger of venom
 m - a +0 short sword of speed
Missiles
 e - 33 poisoned darts (quivered)
 j - 396 stones
 E - 24 boomerangs
 O - 2 throwing nets
Armour
 h - a +0 buckler (worn)
 p - the +1 ring mail of Ronoreown (worn) {Rampage}
   (You found it on level 10 of the Dungeon)

   It bestows one free step when moving towards enemies.
 z - a +0 scale mail
 F - a +0 leather armour
 K - a scarf of repulsion
 L - a +2 cloak (worn)
Jewellery
 n - a ring of resist corrosion (left hand)
 q - an amulet of reflection (around neck)
 C - a ring of protection from cold (right hand)
Wands
 v - a wand of acid (14)
 B - a wand of enslavement (5)
 J - a wand of disintegration (8)
 M - a wand of iceblast (3)
Scrolls
 c - 3 scrolls of fog
 i - 4 scrolls of teleportation
 k - 2 scrolls of blinking
 l - 5 scrolls of remove curse
 r - a scroll of enchant armour
 s - a scroll of holy word
 I - 5 scrolls of identify
Potions
 d - 5 potions of curing
 g - a potion of might
 o - a potion of magic
 u - 4 potions of mutation
 x - 3 potions of attraction
 A - a potion of lignification
 D - a potion of resistance
 G - 2 potions of heal wounds
Miscellaneous
 P - a phial of floods (inert)


   Skills:
 - Level 3.0 Fighting
 * Level 15.9 Long Blades
 - Level 2.1 Armour
 + Level 8.3 Dodging
 - Level 6.1 Invocations


You had 10 spell levels left.
You didn't know any spells.
Your spell library contained the following spells:

 Spells                   Type           Power        Failure   Level
 Beastly Appendage        Tmut           0%           69%         1
 Wereblood                Tmut           0%           83%         2
 Spider Form              Tmut/Pois      0%           96%         3
 Ice Form                 Ice/Tmut       0%           100%        4
 Blade Hands              Tmut           0%           100%        5
 Summon Demon             Summ           0%           100%        5
 Summon Forest            Summ/Tloc      0%           100%        5
 Summon Mana Viper        Hex/Summ       0%           100%        5
 Shadow Creatures         Summ           N/A          100%        6
 Summon Hydra             Summ           0%           100%        7


Dungeon Overview and Level Annotations

Branches:
Dungeon (12/15)            Temple (0/1) D:7            Lair (0/6) D:11
    Orc (0/2) D:11

Altars:
Cheibriados
Dithmenos
Elyvilon
Fedhas
Gozag
Kikubaaqudgha
Makhleb
Nemelex Xobeh
Qazlal
Ru
Sif Muna
Uskayaw
Vehumet
Xom
Yredelemnul
Zin
The Shining One

Shops:
D:4 *   D:5 }   D:7 *   D:9 (


Innate Abilities, Weirdness & Mutations

You have a beak for a mouth.
You have claws for feet.
You can fly continuously.


Message History

You claw the gargoyle, but do no damage.
The gargoyle hurls a stone arrow at you.
The stone arrow hits you!
You hit the gargoyle but do no damage.
You claw the gargoyle, but do no damage.
You barely miss the gargoyle. You peck the gargoyle.
The gargoyle is lightly damaged.
The gargoyle hits you with a +3 flail!
Okay, then.
You see here a flail.
The gargoyle hurls a stone arrow at you.
The stone arrow hits you!
* * * LOW HITPOINT WARNING * * *
Okay, then.
Okay, then.
Okay, then.
Magic courses through your body.
The gargoyle hurls a stone arrow at you.
The stone arrow hits you!
You die...

######### #.....>.#
#...$...# #########
###.......# #.......#
#.'@.)(...# # #.......#
#÷#..9....# ####.......#
#.#.......# ..##.......#
#.#.......#
#..'.†.....###.#.......#
####.......#...#.......#
#.......'.###.......#
#.......### #.......#
###+##### #...#####


You could see a gargoyle.

Vanquished Creatures
  Harold (D:11)
  3 two-headed ogres
  An ugly thing (D:12)
  A manticore (D:12)
  A kobold demonologist (D:11)
  A vampire (D:12)
  Grum (D:7)
  A water moccasin (D:9)
  An ice beast (D:8)
  7 phantoms
  3 sky beasts
  3 orc warriors
  2 black bears
  3 eyes of draining
  An ogre (D:3)
  3 wolves
  13 centaurs
  2 big kobolds (D:11)
  5 bullfrogs
  A wyvern skeleton (D:8)
  2 water moccasin skeletons
  3 scorpions
  9 killer bees
  3 wights (D:10)
  3 howler monkeys (D:8)
  3 bullfrog zombies
  2 centaur zombies
  6 hounds
  4 jellies
  A quasit (D:8)
  Crazy Yiuf (D:4)
  8 orc priests
  8 orc wizards
  3 centaur skeletons
  Ijyb (D:5)
  3 iguanas
  13 worker ants
  4 hound skeletons
  A worker ant zombie (D:8)
  Robin (D:3)
  2 howler monkey skeletons
  16 adders
  2 shadow imps (D:7)
  2 white imps (D:5)
  3 ufetubi
  An ooze (D:2)
  2 adder skeletons (D:4)
  2 worms
  3 dart slugs
  7 leopard geckos
  50 orcs
  7 bats
  10 giant cockroaches
  14 goblins
  7 hobgoblins
  12 jackals
  7 kobolds
  6 quokkas
  4 ball pythons
  4 frilled lizards
  A quokka skeleton (D:8)
  4 rats
299 creatures vanquished.

Vanquished Creatures (others)
  An orc warrior (D:6)
  A wolf (D:8)
  An orc priest (D:6)
  An orc (D:6)
4 creatures vanquished.

Grand Total: 303 creatures vanquished

Notes
Turn   | Place    | Note
-------+----------+-------------------------------------------
     0 | Abyss:1  | lessens the Tengu Abyssal Knight began the quest for the
                  | Orb.
     0 | Abyss:1  | Reached XP level 1. HP: 14/14 MP: 3/3
    70 | Abyss:1  | Found a corrupted altar of Lugonu.
    79 | D:1      | Escaped the Abyss
   351 | D:1      | Reached XP level 2. HP: 17/19 MP: 4/4
   404 | D:1      | Reached skill level 3 in Long Blades
   909 | D:1      | Reached XP level 3. HP: 23/23 MP: 5/5
  1184 | D:2      | Reached skill level 4 in Long Blades
  1229 | D:2      | Reached ** piety under Lugonu
  1316 | D:2      | Reached XP level 4. HP: 28/28 MP: 6/6
  1517 | D:2      | Found a glowing golden altar of the Shining One.
  1525 | D:2      | Noticed an angel
  1535 | D:2      | Found a basalt altar of Yredelemnul.
  1537 | D:2      | Noticed a profane servitor
  1561 | D:2      | Reached skill level 5 in Long Blades
  1636 | D:2      | Found a shadowy altar of Dithmenos.
  1991 | D:3      | Noticed an ogre
  2211 | D:3      | Killed an ogre
  2212 | D:3      | Reached skill level 6 in Long Blades
  2212 | D:3      | Gained mutation: You can fly continuously. [Tengu growth]
  2212 | D:3      | Reached XP level 5. HP: 32/32 MP: 7/7
  2258 | D:3      | Found a burning altar of Makhleb.
  2512 | D:3      | Found a blossoming altar of Fedhas.
  2646 | D:4      | Noticed Robin
  2654 | D:4      | Reached XP level 6. HP: 30/37 MP: 8/8
  2662 | D:3      | Killed Robin
  2787 | D:4      | Found Jaest's General Store.
  2790 | D:4      | Bought a scroll of identify for 20 gold pieces
  2790 | D:4      | Bought a scroll of remove curse for 30 gold pieces
  2790 | D:4      | Bought a scroll of fog for 20 gold pieces
  2814 | D:4      | Found a sparkling altar of Nemelex Xobeh.
  2828 | D:4      | Reached skill level 7 in Long Blades
  3138 | D:4      | Reached *** piety under Lugonu
  3484 | D:4      | Reached XP level 7. HP: 13/41 MP: 9/9
  4141 | D:4      | Found a runed translucent door.
  4142 | D:4      | Noticed Crazy Yiuf
  4357 | D:4      | Found an opulent altar of Gozag.
  4358 | D:4      | Found an ancient bone altar of Kikubaaqudgha.
  4525 | D:5      | Entered Level 5 of the Dungeon
  4525 | D:5      | Found a stormy altar of Qazlal.
  4525 | D:5      | Noticed a fire elemental
  4701 | D:5      | Noticed Ijyb
  4728 | D:4      | Reached skill level 8 in Long Blades
  5019 | D:5      | Noticed a water elemental
  5019 | D:5      | Noticed an air elemental
  5349 | D:5      | Killed Ijyb
  5789 | D:5      | Found a shimmering altar of Xom.
  5789 | D:5      | Found a glowing silver altar of Zin.
  5789 | D:5      | Noticed an angel
  5825 | D:5      | Found Yfuyfivi's Gadget Boutique.
  5859 | D:5      | Reached skill level 9 in Long Blades
  6103 | D:5      | Reached XP level 8. HP: 46/46 MP: 11/11
  6288 | D:6      | Reached **** piety under Lugonu
  6377 | D:6      | Found a shimmering blue altar of Sif Muna.
  7133 | D:6      | Found a radiant altar of Vehumet.
  7294 | D:6      | Reached skill level 10 in Long Blades
  7751 | D:6      | Found a snail-covered altar of Cheibriados.
  7913 | D:7      | Noticed a troll
  8150 | D:7      | Found a staircase to the Ecumenical Temple.
  8204 | D:7      | Reached skill level 5 in Invocations
  8204 | D:7      | Reached XP level 9. HP: 24/50 MP: 1/13
  8483 | D:7      | Reached skill level 11 in Long Blades
  8728 | D:7      | Found Diusmum's General Store.
  8738 | D:7      | Bought a potion of might for 64 gold pieces
  8738 | D:7      | Bought a potion of heal wounds for 80 gold pieces
  8755 | D:7      | Got a heavily jewelled robe
  8792 | D:7      | Identified the +2 robe "Ithreol" {rC++ Dex+3} (You found it
                  | on level 7 of the Dungeon)
  9089 | D:4      | Killed Crazy Yiuf
  9494 | D:7      | Found a sacrificial altar of Ru.
  9548 | D:7      | Found a hide-covered altar of Uskayaw.
  9719 | D:7      | Banished a troll
  9720 | D:7      | Reached skill level 12 in Long Blades
 10063 | D:8      | Noticed Grum
 10705 | D:7      | Killed Grum
 11181 | D:7      | Reached XP level 10. HP: 12/56 MP: 15/15
 11562 | D:8      | Noticed a two-headed ogre
 11564 | D:8      | Banished a two-headed ogre
 11565 | D:8      | Reached skill level 13 in Long Blades
 12036 | D:9      | Found a white marble altar of Elyvilon.
 12058 | D:9      | Noticed a two-headed ogre
 12062 | D:9      | Killed a two-headed ogre
 12063 | D:9      | Reached skill level 5 in Dodging
 12504 | D:9      | Reached skill level 14 in Long Blades
 12701 | D:9      | Reached ***** piety under Lugonu
 12768 | D:9      | Noticed a two-headed ogre
 12776 | D:9      | Killed a two-headed ogre
 13565 | D:9      | Found Teptygud's Weapon Shop.
 13662 | D:10     | Entered Level 10 of the Dungeon
 13786 | D:10     | Reached XP level 11. HP: 54/60 MP: 16/16
 14051 | D:10     | Found a snail-covered altar of Cheibriados.
 14051 | D:10     | Noticed a two-headed ogre
 14071 | D:10     | Killed a two-headed ogre
 14283 | D:10     | Got an ichor-stained ring mail
 14294 | D:10     | Identified the cursed +1 ring mail of Ronoreown {Rampage}
                  | (You found it on level 10 of the Dungeon)
 14459 | D:10     | Reached skill level 15 in Long Blades
 14931 | D:11     | Found a staircase to the Lair.
 14931 | D:11     | Noticed Harold
 14946 | D:11     | Killed Harold
 15758 | D:11     | Found a staircase to the Orcish Mines.
 16566 | D:12     | Noticed a cyan ugly thing
 16575 | D:12     | Killed a cyan ugly thing
 16813 | D:12     | Noticed a manticore
 16829 | D:12     | Killed a manticore
 17049 | D:12     | Killed from afar by a gargoyle

Illustrated notes

Levels and vault maps discovered:
D:1:      heliophobic_arrival_ceremonial_halls, layout_loops_corners,
          chequers_serial_rivers_micro_d
D:2:      layout_rooms, grunt_temple_overflow_holy_war, general_overflow_altar
D:3:      layout_loops_ring, lemuel_coloured_pillars_altar, marbit_many_paths
D:4:      layout_basic, nicolae_overflow_crystal_walls,
          nicolae_overflow_hidden_temple, serial_shops, shop,
          kennysheep_cluttered_room, uniq_crazy_yiuf_cottage, uniq_robin
D:5:      layout_rooms, grunt_temple_overflow_order_and_chaos_1,
          nicolae_qazlal_style_of_elements, serial_shops, shop, nrook_uturn,
          moated_statue, uniq_ijyb
D:6:      layout_loops_corners, lemuel_crystal_altar, kennysheep_little_box,
          fiery_altar_vehumet
D:7:      layout_loops_ring, lemuel_round_altar,
          nicolae_ru_the_path_less_chosen, temple_fountains, serial_shops,
          nicolae_shop_temple_entry_statues_fountains
D:8:      layout_rooms, grunt_ministairs_14, st_stairs_3,
          small_chamber_with_monster, uniq_grum
D:9:      layout_stronghold, serial_shops, nicolae_shop_behind_doors,
          lemuel_altar_in_water
D:10:     kennysheep_blocky_hall, layout_gridville, cheibriados_altar_2
D:11:     layout_irregular_city, lair_entry_dummy, orc_0_dummy,
          kennysheep_generic_room_15, uniq_harold
D:12:     layout_roguey, fedhas_altar_4

Skill      XL: |  1  2  3  4  5  6  7  8  9 10 11 |
---------------+----------------------------------+-----
Long Blades    | 3 4 6 7 9 10 12 14 15 | 15.9
Invocations    | 2 3 5 6 |  6.1
Dodging        | 2 6 8 |  8.3
Fighting       | |  3.0
Armour         | |  2.1

Action                   |  1- 3 |  4- 6 |  7- 9 | 10-12 || total
-------------------------+-------+-------+-------+-------++-------
Melee: Falchion          |    58 |   117 |   251 |   208 ||   634
       Kick              |    16 |    38 |   151 |   187 ||   392
       Peck              |    13 |    21 |    89 |   110 ||   233
       Dagger            |       |       |   263 |   324 ||   587
Throw: Dart              |       |    15 |    30 |     5 ||    50
       Boomerang         |       |       |       |     6 ||     6
Invok: Banish            |       |       |     1 |     1 ||     2
 Abil: Fly               |       |       |     1 |       ||     1
Evoke: Wand              |       |       |     1 |    10 ||    11
       Phial of floods   |       |       |       |     1 ||     1
  Use: Scroll            |       |     7 |     4 |    11 ||    22
       Potion            |       |     2 |     5 |     1 ||     8
 Stab: Sleeping          |       |     2 |       |       ||     2
Armor: Leather armour    |    26 |    20 |    13 |       ||    59
       Scale mail        |       |       |   158 |    25 ||   183
       Skin              |       |       |    15 |       ||    15
       Ring mail         |       |       |       |    44 ||    44
Dodge: Dodged            |    36 |    48 |   178 |   178 ||   440
Block: Buckler           |     3 |    12 |    62 |   140 ||   217
       Reflection        |       |       |     1 |    14 ||    15
       Rpst.: Falchion   |    14 |    17 |    23 |     9 ||    63
